 Dungeon Crawl Stone Soup version 0.30-b1-2-g02819fbbbe (webtiles) character file.

Game seed: 10124470797087759826

37 PanWiadro the Poker (level 3, -7/30 HPs)
             Began as a Merfolk Chaos Knight on Jan 10, 2024.
             Was a Plaything of Xom.
             Mangled by a mana viper (glowing shapeshifter) (16 damage)
             ... on level 2 of the Dungeon.
             The game lasted 00:03:03 (987 turns).

PanWiadro the Poker (Merfolk Chaos Knight)           Turns: 987, Time: 00:03:04

Health: -7/30      AC:  8    Str: 14    XL:     3   Next: 41%
Magic:  0/3        EV:  7    Int: 11    God:    Xom [.*....]
Gold:   61         SH:  0    Dex: 13    Spells: 2/2 levels left

rFire   . . .        a - +0 spear (chaos)
rCold   . . .        (no shield)
rNeg    . . .        g - +0 chain mail
rPois   +            (helmet restricted)
rElec   .            (no cloak)
rCorr   .            (no gloves)
SInv    .            (no boots)
Will    .....        (no amulet) Stlth
                     k - ring of poison resistance
HPRegen 0.25/turn    (no ring)
MPRegen 0.08/turn

%: no passive effects
@: brilliant
A: (nimble swimmer 2), mertail, horns 1
a: Renounce Religion


You were on level 2 of the Dungeon.
You worshipped Xom.
You were a plaything of Xom.
You visited 1 branch of the dungeon, and saw 2 of its levels.

You collected 61 gold pieces.

Inventory:

Hand Weapons
 a - a +0 spear of chaos (weapon)
 l - a +1 short sword of draining
Armour
 b - a +2 leather armour
 g - a +0 chain mail (worn)
Jewellery
 k - a ring of poison resistance (left hand)
Scrolls
 e - a scroll of blinking {unknown}
 i - a scroll of magic mapping {unknown}
 j - a scroll of identify {unknown}
Potions
 h - a potion of might {unknown}
 m - a potion of haste {unknown}
 n - a potion of attraction {unknown}
Miscellaneous
 c - a piece from Xom's chessboard (14/15) (quivered)


   Skills:
 + Level 4.0 Fighting
 + Level 5.0 Polearms
 + Level 0.6 Armour
 + Level 2.9 Dodging


You had 2 spell levels left.
You didn't know any spells.
Your spell library was empty.

Dungeon Overview and Level Annotations

Branches:
Dungeon (2/15)

Altars:

Shops:
D:2 =


Innate Abilities, Weirdness & Mutations

((You are very nimble when in or above water. (Stealth+, EV+, Speed+++)))
Your lower body shifts to a powerful aquatic tail in water.
You have a pair of small horns on your head.


Message History

A moth of wrath comes into view.
The moth of wrath bites your cerulean imp.
Your cerulean imp hits the moth of wrath.
The moth of wrath changes into a mana viper!
Your cerulean imp hits the mana viper.
Your cerulean imp hits the mana viper but does no damage.
The mana viper bites your cerulean imp!
Your cerulean imp dies!
Your cerulean imp disappears in a puff of smoke!
You miss the mana viper. Your headbutt misses the mana viper.
The mana viper is lightly wounded.
You feel yourself speed up. The mana viper bites you!
You feel your power leaking away.
You closely miss the mana viper.
The mana viper is lightly wounded. "This is how I like it!"
You swap places with the mana viper.
The mana viper bites you!
Ouch! That really hurt!
* * * LOW HITPOINT WARNING * * *
Xom is highly amused!
You feel your power leaking away.
The mana viper bites you but does no damage.
You hit the mana viper.
You feel better.
You headbutt the mana viper.
The mana viper is lightly wounded.
The mana viper bites you but does no damage.
You hit the mana viper.
The mana viper is poisoned.
Your headbutt misses the mana viper.
The mana viper is moderately wounded.
The mana viper barely misses you.
You hit the mana viper. Your headbutt misses the mana viper.
The mana viper is moderately wounded.
The mana viper closely misses you.
The mana viper bites you but does no damage.
You barely miss the mana viper.
The mana viper is moderately wounded.
The mana viper bites you!
Ouch! That really hurt!
You die...
Xom chortles!

.....##### ##
#........# #.
#........# #.
#........# #.
#####........# ##
#......t.....#
#............#
#......##########...
#......'..@S>.......
#......############+
##....○.####.........
.............#######.
...####......# ...
#......# .. ######.#
#.# #.#


You could see a mana viper shaped shifter (very poisoned).

Vanquished Creatures
  An adder (D:2)
  4 endoplasms (D:1)
  4 goblins
  2 hobgoblins (D:1)
  3 jackals (D:1)
  2 kobolds (D:1)
  A ball python (D:1)
  2 bats (D:1)
  A frilled lizard (D:2)
  7 rats (D:1)
27 creatures vanquished.

Notes
Turn   | Place    | Note
-------+----------+-------------------------------------------
     0 | D:1      | PanWiadro the Merfolk Chaos Knight began the quest for the
                  | Orb.
     0 | D:1      | Reached XP level 1. HP: 18/18 MP: 1/1
   144 | D:1      | Reached XP level 2. HP: 9/24 MP: 2/2
   553 | D:1      | XOM: confuse monster(s)
   555 | D:1      | Reached XP level 3. HP: 29/29 MP: 3/3
   677 | D:1      | XOM: give mutation
   677 | D:1      | Gained mutation: You have a pair of small horns on your
                  | head. [Xom's grace]
   726 | D:1      | XOM: scenery: summon butterflies
   855 | D:2      | Found Kahusue's Jewellery Shoppe.
   867 | D:2      | Reached skill level 5 in Polearms
   960 | D:2      | an adder changed into a glowing shapeshifter
   960 | D:2      | Noticed a glowing shapeshifter (glowing shapeshifter)
   960 | D:2      | a glowing shapeshifter changed into a snapping turtle
   960 | D:2      | Noticed a snapping turtle (glowing shapeshifter)
   964 | D:2      | XOM: smoke on damage
   965 | D:2      | XOM: summons friendly white imp
   970 | D:2      | Noticed a shock serpent
   971 | D:2      | a shock serpent changed into a death drake
   971 | D:2      | Noticed a death drake (glowing shapeshifter)
   973 | D:2      | a death drake changed into a floating eye
   973 | D:2      | Noticed a floating eye (glowing shapeshifter)
   974 | D:2      | XOM: polymorph white imp -> cerulean imp
   974 | D:2      | a floating eye changed into a steelbarb worm
   974 | D:2      | Noticed a steelbarb worm (glowing shapeshifter)
   977 | D:2      | Noticed a moth of wrath
   979 | D:2      | a moth of wrath changed into a mana viper
   979 | D:2      | Noticed a mana viper (glowing shapeshifter)
   983 | D:2      | XOM: swap monsters
   987 | D:2      | Mangled by a mana viper (glowing shapeshifter)

Illustrated notes

Levels and vault maps discovered:
D:1:      minmay_arrival_hallway, layout_rooms
D:2:      layout_basic, serial_shops, shop

Skill      XL: |  1  2  3 |
---------------+----------+-----
Fighting       | 4 |  4.0
Polearms       | 5 |  5.0
Armour         | |  0.6
Dodging        | |  2.9

Action                     || total
---------------------------++-------
  Melee: Spear             ||   105
         Punch             ||     1
         Headbutt          ||     5
  Evoke: Piece from Xom's  ||     1
    Use: Potion            ||     2
 Armour: Leather armour    ||    14
         Chain mail        ||    55
  Dodge: Dodged            ||    55
